Map: 10000 Feet LE

Players

IllIIlIlIIll - Winner!

  • Race: Terran Terran
  • League: Master
  • Spawn Location: 11:00

Darunia

  • Race: Terran Terran
  • Spawn Location: 5:00

VOD

Have the link to the VOD?

Description

Time

  • Played on: Feb. 15, 2026, 4:29 p.m.
  • Length: 6:14
Show
View Real Time Build Order
Export as new Build Order

IllIIlIlIIll Terran - Winner!

Build Orders: 1/1/1 

Get SALT Encoding   

  12  0:01  SCV  
  13  0:13  SCV  
  14  0:17  Supply Depot  
  14  0:25  SCV  
  15  0:31  Refinery  
  15  0:38  SCV  
  16  0:45  Barracks  
  16  0:50  SCV  
  17  1:03  SCV  
  18  1:06  Refinery  
  18  1:15  SCV  
  19  1:32  Orbital Command  
  19  1:35  Factory  
  20  1:45  Reaper  
  20  1:48  Supply Depot  
  20  2:01  SCV  
  21  2:13  SCV  
  22  2:23  Barracks Reactor  
  22  2:24  Factory Tech Lab  
  22  2:25  Starport  
  22  2:33  SCV  
  22  2:36  Supply Depot  
  23  2:45  SCV  
  23  2:49  Siege Tank  
  27  2:58  SCV  
  28  3:02  Supply Depot  
  28  3:04  Medivac, Marine x2  
  32  3:10  SCV  
  33  3:22  SCV, Siege Tank  
  33  3:26  Marine x2  
  39  3:28  Supply Depot  
  40  3:34  SCV  
  40  3:37  Medivac  
  42  3:44  Marine  
  43  3:48  Marine  
  43  3:50  Supply Depot  
  44  3:59  Siege Tank  
  44  4:02  Marine  
  48  4:05  SCV  
  48  4:06  Marine  
  50  4:18  Medivac  
  50  4:20  Marine  
  53  4:24  Marine  
  53  4:25  Supply Depot  
  54  4:35  SCV  
  54  4:37  Marine  
  56  4:40  Command Center  
  56  4:42  Marine, Siege Tank  
  60  4:54  SCV  
  60  4:55  Marine  
  62  5:00  Marine  
  62  5:02  Viking  
  65  5:07  SCV  
  65  5:13  Marine  
  67  5:18  Marine  
  67  5:20  SCV  
  69  5:29  Supply Depot  
  69  5:32  SCV  
Show
View Real Time Build Order
Export as new Build Order

Darunia Terran 

Build Orders:  

Get SALT Encoding   

  12  0:00  SCV  
  13  0:12  SCV  
  14  0:20  Supply Depot  
  14  0:25  SCV  
  15  0:30  Refinery  
  15  0:42  SCV  
  16  0:48  Barracks  
  16  0:55  SCV  
  17  1:07  SCV  
  18  1:20  SCV  
  19  1:32  SCV  
  20  1:36  Marine, Supply Depot  
  21  1:44  Orbital Command  
  21  2:06  Bunker  
  21  2:10  Marine  
  21  2:14  SCV  
  23  2:16  Command Center  
  23  2:26  SCV  
  23  2:28  Marine  
  23  2:29  Refinery  
  25  2:36  Factory  
  25  2:46  Marine  
  25  2:47  Supply Depot  
  26  2:59  SCV  
  26  3:04  Marine  
  28  3:10  Supply Depot  
  27  3:28  Marine  
  27  3:32  SCV  
  29  3:44  SCV, Supply Depot  
  29  3:46  Marine  
  29  3:47  Supply Depot  
  31  3:49  Factory Tech Lab  
  31  3:55  Starport  
  31  3:56  SCV  
  31  4:02  Orbital Command  
  32  4:08  SCV, Marine  
  34  4:15  Supply Depot  
  34  4:20  SCV, Siege Tank  
  38  4:26  Marine  
  39  4:32  SCV  
  40  4:41  Medivac  
  40  4:43  SCV  
  40  4:44  Marine, SCV  
  45  4:52  Siege Tank  
  45  4:55  SCV  
  45  4:56  SCV  
  50  5:01  Marine  
  51  5:07  SCV  
  51  5:08  SCV  
  51  5:13  Engineering Bay  
  53  5:19  Marine, SCV  
  53  5:20  Medivac  
  57  5:25  Siege Tank  
  60  5:31  Barracks  
  60  5:37  Marine  
Tags
 
League
Master
Matchup
TvT
Opening
1/1/1
Race
Terran
Spawn Locations
Cross Positions
Add a new tag
Caveats
  • Supply blocks, unpowered buildings, or Contaminate may cause inaccurate times.
  • Supply counts are checked every 10 seconds.